AoeStats
← PALITOMAN

Pilgrims

509212872Analyzed
4v4 RM · 7d ago on Sep 25, 2026· 63m 16s· 8 players
Game mode
Random Map
Map size
Large (8 player)
Population
200
Speed
Normal
Resources
Standard
Victory
Conquest
Starting age
Dark Age
Ending age
Imperial Age
RankedLock teamsTeams togetherTeam positionsShared explorationLock speedFull tech treeHidden civsTurbo modeCheats
Victory
Defeat
🇺🇸 Mongols · United States
1278
+11
🇨🇳 Malians · China
1212
+13
🇬🇧 Khmer · United Kingdom
1140
+16
🇺🇸 Sicilians · United States
1095
+19
🇨🇴 Danes · Colombia
1184
-16
🇧🇷 Wu · Brazil
1180
-16
🇦🇷 Maya · Argentina
1138
-14
🇪🇸 Saxons · Spain
1107
-13
AcheronianoSSx
8:19 Loom
13:11 Feudal Age
14:01 Arson
15:54 Man-at-Arms
18:11 Town Watch
18:43 Double-Bit Axe
23:25 Wheelbarrow
30:04 Fletching
30:15 Padded Archer Armor
33:06 Castle Age
31:23 Horse Collar
33:23 Scale Mail Armor
33:34 Forging
33:54 Squires
34:36 Bodkin Arrow
37:24 Hand Cart
38:02 Leather Archer Armor
37:10 Crossbowman
40:37 Long Swordsman
40:38 Pikeman
43:58 Chain Mail Armor
44:19 Iron Casting
46:34 Town Patrol
47:10 Red Cliffs Tactics
50:49 Elite Skirmisher
jaimeerp
10:25 Feudal Age
11:15 Double-Bit Axe
14:41 Fletching
15:26 Loom
19:42 Castle Age
18:04 Stone Mining
18:05 Gold Mining
20:42 Bodkin Arrow
20:29 Fishing Lines
21:36 Medium Warships
24:35 Scale Mail Armor
24:40 Scale Barding Armor
26:59 Chain Mail Armor
30:17 Bow Saw
31:25 Ballistics
33:27 Forging
34:54 Iron Casting
35:07 Wheelbarrow
37:47 Imperial Age
37:28 Masonry
44:33 Hand Cart
46:54 Gillnets
49:00 Chain Barding Armor
49:41 Blast Furnace
49:08 Light Cavalry
50:00 Bloodlines
49:51 Husbandry
50:29 Plate Barding Armor
50:27 Pikeman
50:52 Gambesons
51:07 Squires
50:53 Arson
52:05 Plate Mail Armor
51:28 Halberdier
59:28 Hamask
62:05 Padded Archer Armor
PALITOMAN
3:18 Loom
10:50 Feudal Age
12:44 Double-Bit Axe
14:57 Wheelbarrow
14:40 Fletching
23:10 Castle Age
20:52 Fishing Lines
24:16 Medium Warships
24:06 Bodkin Arrow
27:22 Ballistics
33:09 Imperial Age
31:08 Bow Saw
32:31 Hand Cart
35:06 Chemistry
34:18 Bracer
34:19 Padded Archer Armor
37:06 Gillnets
37:34 Forging
37:25 Scale Mail Armor
38:16 Siphons
38:22 Arson
39:32 Iron Casting
39:12 Chain Mail Armor
39:15 Siege Engineers
39:05 Pikeman
39:53 Murder Holes
40:06 Squires
39:44 Halberdier
40:42 Arrowslits
41:27 Padded Archer Armor
41:57 Plate Mail Armor
43:35 Elite Skirmisher
51:06 Shield Wall
52:08 Conscription
56:20 Two-Man Saw
57:31 Leather Archer Armor
ELTRAVERO
4:37 Loom
11:11 Feudal Age
11:54 Double-Bit Axe
12:28 Fishing Lines
16:42 Fletching
20:39 Castle Age
18:44 Stone Mining
20:01 Gold Mining
21:42 Medium Warships
21:38 Gillnets
22:39 Bow Saw
26:31 Eagle Warrior
27:11 Squires
26:57 Arson
28:01 Wheelbarrow
27:11 Town Watch
27:41 Scale Mail Armor
27:52 Forging
29:21 Hand Cart
30:03 Chain Mail Armor
31:54 Iron Casting
35:46 Imperial Age
34:04 Horse Collar
37:03 Holcans
36:58 Conscription
36:57 Heavy Plow
38:03 Two-Man Saw
37:54 Plate Mail Armor
38:45 Town Patrol
39:51 Blast Furnace
38:59 Pikeman
39:01 Elite Eagle Warrior
40:14 Fortified Wall
41:07 Chemistry
40:27 Ballistics
39:49 Treadmill Crane
41:13 Block Printing
40:47 Halberdier
41:43 Bodkin Arrow
41:49 Padded Archer Armor
43:52 Fortified Wall
43:37 Murder Holes
43:53 Masonry
44:31 Bracer
44:47 Leather Archer Armor
44:33 Hul'che Javelineers
46:19 Thumb Ring
47:41 Elite Skirmisher
48:38 Guilds
49:34 Thumb Ring
52:51 Ring Archer Armor
56:05 Architecture
BittenDork
6:18 Loom
14:33 Feudal Age
15:00 Double-Bit Axe
17:10 Horse Collar
19:12 Scale Mail Armor
30:51 Castle Age
32:09 Wheelbarrow
53:35 Heavy Plow
61:12 Imperial Age
58:55 Forging
59:52 Chain Mail Armor
60:13 Iron Casting
61:36 Hand Cart
61:15 Elite Serjeant
62:44 Plate Mail Armor
帝国时代2--叶枫
8:54 Loom
13:20 Feudal Age
14:31 Double-Bit Axe
14:27 Horse Collar
16:14 Fishing Lines
17:50 Stone Mining
17:52 Gold Mining
18:29 Fletching
21:35 Castle Age
23:40 Gold Shaft Mining
23:15 Bodkin Arrow
24:08 Scale Barding Armor
24:34 Heavy Plow
26:19 Wheelbarrow
31:18 Stone Shaft Mining
34:09 Imperial Age
32:40 Bow Saw
33:17 Tigui
34:08 Hand Cart
36:00 Conscription
36:17 Crop Rotation
36:13 Padded Archer Armor
35:38 Onager
37:09 Ballistics
38:12 Chemistry
36:53 Treadmill Crane
37:23 Masonry
37:11 Town Watch
37:50 Guilds
38:09 Town Patrol
38:00 Elite Gbeto
40:29 Leather Archer Armor
40:25 Forging
41:30 Hoardings
41:41 Architecture
41:14 Husbandry
41:24 Bloodlines
41:44 Chain Barding Armor
40:56 Light Cavalry
41:00 Heavy Camel Rider
44:06 Plate Barding Armor
44:44 Iron Casting
44:40 Ring Archer Armor
47:28 Light Cavalry
49:08 Thumb Ring
51:42 Coinage
51:12 Caravan
52:00 Hoardings
51:36 Farimba
55:01 Banking
Dragón-Malo
8:24 Loom
10:37 Feudal Age
14:58 Castle Age
16:21 Double-Bit Axe
16:18 Horse Collar
17:44 Town Watch
19:51 Fletching
21:15 Bodkin Arrow
24:25 Padded Archer Armor
26:29 Bloodlines
26:19 Husbandry
27:20 Leather Archer Armor
33:45 Imperial Age
33:22 Wheelbarrow
33:07 Husbandry
33:35 Ballistics
34:34 Bracer
35:00 Bow Saw
34:43 Gold Mining
38:19 Chemistry
38:52 Conscription
40:03 Parthian Tactics
39:44 Thumb Ring
40:40 Thumb Ring
41:53 Heavy Plow
43:38 Hand Cart
44:16 Heavy Cavalry Archer
47:27 Elite Mangudai
49:14 Stone Mining
52:41 Gold Shaft Mining
52:44 Stone Shaft Mining
54:02 Town Patrol
59:19 Capped Ram
60:23 Drill
60:37 Siege Ram
FirstPine3880
6:14 Loom
15:47 Feudal Age
19:41 Castle Age
20:37 Medium Warships
21:57 Horse Collar
23:18 Double-Bit Axe
26:10 Bow Saw
26:03 Heavy Plow
29:12 Wheelbarrow
31:57 Gold Mining
34:46 Imperial Age
33:47 Hand Cart
33:18 Town Watch
34:36 Bloodlines
34:26 Husbandry
34:35 Scale Barding Armor
34:40 Forging
35:41 Gold Shaft Mining
34:57 Stone Mining
36:11 Elite Battle Elephant
38:43 Chain Barding Armor
38:42 Tusk Swords
39:04 Conscription
41:30 Plate Barding Armor
41:33 Iron Casting
47:58 Light Cavalry
48:47 Hussar
50:47 Blast Furnace
52:21 Caravan
56:33 Coinage
Connection lost

Rejoining the realm…

Still unreachable

The connection could not be restored.

Session expired

The server has moved on; the page needs a fresh start.